 Dungeon Crawl Stone Soup version 0.23.2-1-ga50397a (webtiles) character file.

Game seed: 10882374942673026201

646 IBeShadow the Charmwright (level 7, -1/84 HPs)
             Began as a Gnoll Skald on May 28, 2019.
             Succumbed to Dowan's poison
             ... on level 4 of the Dungeon.
             The game lasted 00:07:29 (5203 turns).

IBeShadow the Charmwright (Gnoll Skald)             Turns: 5203, Time: 00:07:29

Health: -1/84      AC: 23    Str: 20    XL:     7   Next: 52%
Magic:  15/15      EV:  2    Int: 15    God:
Gold:   152        SH:  0    Dex: 15    Spells: 16/17 levels left

rFire    . . .     SeeInvis .   a - +1 spear
rCold    + . .     Gourm    .   (no shield)
rNeg     + + +     Faith    +   (armour currently unavailable)
rPois    +         Spirit   .   (helmet currently unavailable)
rElec    .         Reflect  .   (cloak currently unavailable)
rCorr    .         Harm     .   (gloves currently unavailable)
MR       .....     NoTele   +   (boots currently unavailable)
Stlth    +.........             k - amulet of faith
HPRegen  0.24/turn              h - ring of attention (curse)
MPRegen  0.14/turn              v - ring of protection from cold

@: mighty, lethally poisoned (-1 -> -22), tree-form (expiring)
A: distributed training, strong nose
a: no special abilities


You were on level 4 of the Dungeon.
You were not hungry.
You were a tree.
You visited 1 branch of the dungeon, and saw 4 of its levels.

You collected 152 gold pieces.

Inventory:

Hand Weapons
 a - a +1 spear (weapon)
 m - a +0 hunting sling
Missiles
 l - 39 bolts
 n - 120 stones (quivered)
 p - 7 tomahawks
 A - 18 sling bullets
Armour
 f - a +0 scale mail (melded)
 w - a +0 helmet (melded)
 y - a +0 pair of gloves (melded)
Jewellery
 h - a cursed ring of attention (left branch)
 k - an amulet of faith (around neck)
 v - a ring of protection from cold (right branch)
Scrolls
 c - a scroll of remove curse {unknown}
 j - 3 scrolls of identify
 o - 2 scrolls of fog {unknown}
 q - a scroll of enchant armour
 u - a scroll of blinking
 z - a scroll of amnesia {unknown}
Potions
 i - a potion of resistance
Comestibles
 d - 13 rations


   Skills:
 + Level 5.2 Fighting
 + Level 2.5 Short Blades
 + Level 2.5 Long Blades
 + Level 2.5 Axes
 + Level 2.5 Maces & Flails
 + Level 5.2 Polearms
 + Level 2.5 Staves
 + Level 2.5 Slings
 + Level 2.5 Bows
 + Level 2.5 Crossbows
 + Level 2.5 Throwing
 + Level 3.6 Armour
 + Level 5.2 Dodging
 + Level 2.5 Stealth
 + Level 2.5 Shields
 + Level 2.5 Unarmed Combat
 + Level 5.6 Spellcasting
 + Level 2.0 Conjurations
 + Level 2.0 Hexes
 + Level 5.8 Charms
 + Level 2.0 Summonings
 + Level 2.0 Necromancy
 + Level 2.0 Translocations
 + Level 2.0 Transmutations
 + Level 2.0 Fire Magic
 + Level 2.0 Ice Magic
 + Level 2.0 Air Magic
 + Level 2.0 Earth Magic
 + Level 2.0 Poison Magic
 + Level 2.7 Invocations
 + Level 2.5 Evocations


You had 16 spell levels left.
You knew the following spells:

 Your Spells              Type           Power        Failure   Level  Hunger
a - Infusion              Chrm           ###.         1%          1    None

Your spell library contained the following spells:

 Spells                   Type           Power        Failure   Level  Hunger
 Song of Slaying          Chrm           ###.....     1%          2    #......
 Shroud of Golubria       Chrm/Tloc      ###.......   4%          2    #......
 Regeneration             Chrm/Necr      ###.......   9%          3    ###....
 Spectral Weapon          Hex/Chrm       ###.....     9%          3    ###....


Dungeon Overview and Level Annotations

Branches:
Dungeon (4/15)
 Temple: D:4-7

Altars:
Elyvilon
Trog
Zin
The Shining One

Annotations:
D:4 Dowan


Innate Abilities, Weirdness & Mutations

Your experience applies equally to all skills.
((You have very sharp teeth.))
Your uncanny sense of smell can sniff out nearby items.


Message History

Dowan seems overcome with grief, but rights himself reflexively soon after.
Dowan seems to find hidden reserves of power!
Your Conjurations skill increases to level 2!
Your Hexes skill increases to level 2!
Your Summonings skill increases to level 2!
Your Necromancy skill increases to level 2!
Your Translocations skill increases to level 2!
Your Transmutations skill increases to level 2!
Your Fire Magic skill increases to level 2!
Your Ice Magic skill increases to level 2!
Your Air Magic skill increases to level 2!
Your Earth Magic skill increases to level 2!
Your Poison Magic skill increases to level 2!
* * * LOW HITPOINT WARNING * * *
You feel sick.
Dowan hits you with a +0 dagger of venom.
* * * LOW HITPOINT WARNING * * *
You closely miss Dowan.
Dowan is moderately wounded.
You die...

#.# ... #.# #e# #.#
#.# #.# #.############
#####....)♣e.....####
.........####........#
.####....# #.###.##.#
#.....# #.# # ##...##
#.# ##.## #.# #.# #..
#. ### #'


You could see Dowan.

Vanquished Creatures
  Eustachio (D:4)
  Duvessa (D:4)
  A phantom (D:4)
  A hound (D:4)
  Jessica (D:3)
  A worker ant (D:4)
  A hound skeleton (D:4)
  Robin (D:3)
  10 adders
  2 oozes (D:3)
  6 worms
  A dart slug (D:2)
  3 leopard geckos
  5 orcs
  2 ball pythons
  12 bats
  6 giant cockroaches
  11 hobgoblins
  A quokka (D:3)
  8 frilled lizards
  18 goblins
  6 kobolds
  14 rats
113 creatures vanquished.

Vanquished Creatures (others)
  2 plants (D:3)
2 creatures vanquished.

Grand Total: 115 creatures vanquished

Notes
Turn   | Place    | Note
-------+----------+-------------------------------------------
     0 | D:1      | IBeShadow the Gnoll Skald began the quest for the Orb.
     0 | D:1      | Reached XP level 1. HP: 20/20 MP: 6/6
   117 | D:1      | Reached XP level 2. HP: 25/26 MP: 7/7
   342 | D:1      | Reached XP level 3. HP: 9/31 MP: 9/9
   664 | D:1      | Reached skill level 5 in Spellcasting
  1241 | D:2      | Found a faded altar of an unknown god.
  1435 | D:2      | Found a glowing silver altar of Zin.
  1436 | D:2      | Found a glowing golden altar of the Shining One.
  1437 | D:2      | Found a white marble altar of Elyvilon.
  1490 | D:2      | Reached skill level 1 in Invocations
  1765 | D:2      | Reached skill level 1 in Short Blades
  1765 | D:2      | Reached skill level 1 in Long Blades
  1765 | D:2      | Reached skill level 1 in Axes
  1765 | D:2      | Reached skill level 1 in Maces & Flails
  1765 | D:2      | Reached skill level 1 in Staves
  1765 | D:2      | Reached skill level 1 in Slings
  1765 | D:2      | Reached skill level 1 in Bows
  1765 | D:2      | Reached skill level 1 in Crossbows
  1765 | D:2      | Reached skill level 1 in Throwing
  1765 | D:2      | Reached skill level 1 in Stealth
  1765 | D:2      | Reached skill level 1 in Shields
  1765 | D:2      | Reached skill level 1 in Unarmed Combat
  1765 | D:2      | Reached skill level 1 in Evocations
  1784 | D:2      | Reached XP level 4. HP: 14/38 MP: 7/11
  2389 | D:2      | Reached skill level 1 in Conjurations
  2389 | D:2      | Reached skill level 1 in Hexes
  2389 | D:2      | Reached skill level 1 in Summonings
  2389 | D:2      | Reached skill level 1 in Necromancy
  2389 | D:2      | Reached skill level 1 in Translocations
  2389 | D:2      | Reached skill level 1 in Transmutations
  2389 | D:2      | Reached skill level 1 in Fire Magic
  2389 | D:2      | Reached skill level 1 in Ice Magic
  2389 | D:2      | Reached skill level 1 in Air Magic
  2389 | D:2      | Reached skill level 1 in Earth Magic
  2389 | D:2      | Reached skill level 1 in Poison Magic
  2633 | D:2      | Noticed a moth of wrath
  2636 | D:2      | Found a bloodstained altar of Trog.
  2983 | D:2      | Reached XP level 5. HP: 24/43 MP: 6/12
  3534 | D:3      | Noticed Jessica
  3546 | D:3      | Killed Jessica
  3687 | D:3      | Noticed Robin
  3723 | D:3      | Killed Robin
  3723 | D:3      | Reached XP level 6. HP: 32/50 MP: 1/13
  4715 | D:4      | Noticed a phantom
  4746 | D:4      | Killed a phantom
  4746 | D:4      | Reached skill level 5 in Fighting
  4746 | D:4      | Reached skill level 5 in Polearms
  4746 | D:4      | Reached skill level 5 in Dodging
  4817 | D:4      | Noticed Dowan
  4818 | D:4      | Noticed Duvessa
  4831 | D:4      | Noticed Eustachio
  4854 | D:4      | Killed Eustachio
  4854 | D:4      | Reached XP level 7. HP: 16/56 MP: 9/15
  5202 | D:4      | Killed Duvessa
  5202 | D:4      | HP: 3/84 [poisoned by Dowan]
  5202 | D:4      | HP: 1/84 [Dowan/+0 dagger of venom (2)]
  5203 | D:4      | Succumbed to Dowan's poison

Skill      XL: |  1  2  3  4  5  6  7 |
---------------+----------------------+-----
Spellcasting   | 5 |  5.6
Invocations    | 1 2 |  2.7
Short Blades   | 1 2 |  2.5
Long Blades    | 1 2 |  2.5
Axes           | 1 2 |  2.5
Maces & Flails | 1 2 |  2.5
Staves         | 1 2 |  2.5
Slings         | 1 2 |  2.5
Bows           | 1 2 |  2.5
Crossbows      | 1 2 |  2.5
Throwing       | 1 2 |  2.5
Stealth        | 1 2 |  2.5
Shields        | 1 2 |  2.5
Unarmed Combat | 1 2 |  2.5
Evocations     | 1 2 |  2.5
Conjurations   | 1 2 |  2.0
Hexes          | 1 2 |  2.0
Summonings     | 1 2 |  2.0
Necromancy     | 1 2 |  2.0
Translocations | 1 2 |  2.0
Transmutations | 1 2 |  2.0
Fire Magic     | 1 2 |  2.0
Ice Magic      | 1 2 |  2.0
Air Magic      | 1 2 |  2.0
Earth Magic    | 1 2 |  2.0
Poison Magic   | 1 2 |  2.0
Armour         | 3 |  3.6
Fighting       | 5 |  5.2
Polearms       | 5 |  5.2
Dodging        | 5 |  5.2
Charms         | |  5.8

Action                   |  1- 3 |  4- 6 |  7- 9 || total
-------------------------+-------+-------+-------++-------
Melee: Spear             |   168 |   348 |    81 ||   597
       Bite              |     8 |    38 |     7 ||    53
       Punch             |       |     1 |     1 ||     2
 Cast: Infusion          |     1 |     4 |     1 ||     6
  Use: Scroll            |     3 |     1 |     2 ||     6
       Potion            |     2 |     1 |     6 ||     9
  Eat: Chunk             |     3 |     9 |     2 ||    14
Armor: Leather armour    |     9 |       |       ||     9
       Scale mail        |    20 |    98 |    17 ||   135
       Skin              |       |       |    54 ||    54
Dodge: Dodged            |    98 |   147 |    30 ||   275
